Map: Oxide LE

Players

Seither

  • Race: Terran Terran

Azure - Winner!

  • Race: Terran Terran

Event: DreamHack SC2 Masters 2021 Fall

VOD

Have the link to the VOD?

Description

Time

  • Played on: July 29, 2021, 6:35 a.m.
  • Length: 13:22

All games in this series

Show
View Real Time Build Order
Export as new Build Order

Seither Terran 

Build Orders:  

Get SALT Encoding   

  12  0:00  SCV  
  13  0:12  SCV  
  14  0:17  Supply Depot  
  14  0:24  SCV  
  15  0:39  SCV, Barracks  
  16  0:44  Refinery  
  16  0:51  SCV  
  16  0:54  Refinery  
  17  1:03  SCV  
  18  1:15  SCV  
  19  1:28  Reaper, Orbital Command  
  20  1:33  Supply Depot  
  20  1:46  Factory  
  20  1:55  SCV  
  20  2:00  Reaper  
  22  2:07  SCV  
  23  2:19  SCV  
  23  2:32  Hellion  
  23  2:33  Command Center  
  23  2:35  SCV  
  23  2:36  Marine  
  27  2:43  Supply Depot  
  27  2:47  SCV  
  28  2:51  Starport  
  28  2:57  Barracks Reactor  
  28  2:59  Widow Mine  
  28  3:02  SCV  
  31  3:14  SCV  
  32  3:24  Factory Tech Lab  
  32  3:26  SCV  
  33  3:31  Medivac  
  33  3:33  Marine  
  33  3:34  Marine  
  37  3:38  SCV  
  38  3:44  Orbital Command, Cyclone  
  41  3:51  Marine x2, SCV  
  44  3:56  Supply Depot  
  44  4:09  Starport Tech Lab  
  44  4:10  Orbital Command  
  44  4:11  Marine x2  
  44  4:15  Refinery  
  44  4:16  Siege Tank  
  44  4:26  SCV  
  44  4:29  Marine x2  
  45  4:38  SCV  
  45  4:43  SCV  
  45  4:46  Raven  
  45  4:47  Marine x2  
  45  4:51  SCV  
  50  4:55  SCV  
  51  5:00  Command Center  
  51  5:03  SCV  
  52  5:07  Marine, SCV, Siege Tank  
  52  5:08  Marine  
  52  5:11  Supply Depot  
  58  5:15  SCV  
  58  5:19  SCV  
  60  5:26  Supply Depot  
  60  5:27  SCV  
  61  5:31  SCV  
  61  5:33  Marine x2, Raven  
  66  5:38  Refinery, Supply Depot  
  66  5:39  SCV  
  67  5:43  SCV  
  67  5:48  Siege Tank  
  71  5:51  SCV  
  71  5:56  SCV, Barracks  
  73  5:57  Barracks  
  73  6:00  Supply Depot  
  73  6:03  SCV  
  74  6:08  SCV  
  74  6:14  Orbital Command  
  74  6:22  Siege Tank  
  74  6:25  Engineering Bay  
  77  6:26  Engineering Bay  
  77  6:27  SCV x2  
  77  6:30  Supply Depot  
  77  6:31  Marine  
  77  6:32  Stimpack  
  80  6:37  Orbital Command  
  80  6:39  Viking x2  
  84  6:43  SCV x2  
  86  6:48  Barracks Reactor x2  
  86  6:52  Supply Depot  
  85  6:57  Siege Tank  
  86  7:16  SCV x2  
  86  7:21  Barracks x2  
  71  7:30  Marine x2  
  71  7:31  Marine x2, Terran Infantry Weapons Level 1  
  71  7:32  Terran Infantry Armor Level 1  
  71  7:35  SCV x3  
  70  7:39  Siege Tank  
  70  7:40  Viking x2  
  77  7:47  Sensor Tower  
  77  7:49  SCV x3, Supply Depot  
  80  7:52  Marine x3  
  80  7:53  Marine  
  80  7:54  Marine  
  85  8:01  SCV x2  
  85  8:09  Marine x2  
  85  8:10  Marine x3  
  85  8:11  Siege Tank  
  90  8:24  Orbital Command  
  88  8:27  Marine x4  
  88  8:28  Marine x2, Combat Shield  
  88  8:30  Medivac x2  
  98  8:38  SCV x2  
  98  8:40  Sensor Tower  
  100  8:47  Marine x2  
  100  8:48  Marine x5  
  101  9:05  Marine x3  
  101  9:08  Medivac x2  
  108  9:10  Marine x3  
  108  9:11  SCV x3  
  108  9:13  Armory  
  108  9:15  Siege Tank  
  108  9:16  Supply Depot  
  117  9:25  Marine x4  
  117  9:27  Marine  
  117  9:29  Barracks Reactor x2  
  122  9:32  Supply Depot  
  122  9:40  Refinery, SCV x3  
  122  9:41  Refinery  
  122  9:43  Marine x2  
  127  9:47  Siege Tank  
  127  9:48  Marine x2  
  127  9:49  Marine  
  127  9:51  Medivac  
  127  9:52  SCV  
  136  9:55  Medivac  
  138  10:00  Marine  
  138  10:06  Marine x3  
  138  10:07  Marine x5  
  128  10:18  Marine  
  128  10:19  Siege Tank  
  126  10:24  Marine x3  
  121  10:29  Marine x2  
  121  10:30  Marine x3  
  121  10:31  SCV  
  121  10:32  SCV x2  
  124  10:36  Marine  
  124  10:37  Medivac  
  124  10:38  Medivac  
  129  10:49  Marine x3  
  117  10:50  Terran Infantry Weapons Level 2  
  117  10:51  SCV x3, Siege Tank  
  123  11:07  Marine x3  
  123  11:08  Marine x4  
  130  11:12  Medivac x2  
  130  11:14  Supply Depot  
  134  11:24  Siege Tank  
  124  11:29  Command Center  
  102  11:34  Marine x4  
  102  11:35  Marine x4  
  109  11:40  Marine  
  110  11:52  Marine x6  
  110  11:53  Marine x2  
  94  11:56  Siege Tank  
  94  11:57  Marine  
  78  12:10  Marine x8  
  78  12:12  Medivac x2  
  78  12:15  Marine  
  89  12:18  SCV x2  
  89  12:19  SCV  
  93  12:28  Marine x3, Siege Tank  
  89  12:44  Marine x2  
  89  12:45  Marine  
  89  12:50  Marine x5  
Show
View Real Time Build Order
Export as new Build Order

Azure Terran - Winner!

Build Orders:  

Get SALT Encoding   

  12  0:00  SCV  
  13  0:12  SCV  
  14  0:16  Supply Depot  
  14  0:24  SCV  
  15  0:38  SCV  
  15  0:39  Barracks  
  16  0:43  Refinery  
  16  0:50  SCV  
  16  0:55  Refinery  
  17  1:02  SCV  
  18  1:14  SCV  
  19  1:26  Reaper  
  19  1:27  Orbital Command  
  19  1:28  Supply Depot  
  20  1:42  Factory  
  20  1:53  SCV  
  21  1:58  Reaper  
  22  2:05  SCV  
  23  2:17  SCV  
  23  2:20  Command Center  
  24  2:29  SCV  
  25  2:30  Hellion  
  27  2:37  Barracks Reactor, Starport  
  27  2:41  SCV  
  28  2:49  Supply Depot  
  28  2:53  SCV, Factory Tech Lab  
  29  3:05  SCV  
  30  3:13  Marine x2  
  30  3:14  Cyclone  
  30  3:17  Starport Tech Lab  
  30  3:19  SCV  
  36  3:24  Refinery  
  36  3:31  Marine x2, SCV  
  39  3:36  Orbital Command  
  39  3:39  Raven  
  41  3:43  SCV  
  42  3:49  Marine x2  
  45  3:55  SCV  
  45  3:57  Supply Depot  
  45  4:02  SCV  
  46  4:06  Siege Tank  
  46  4:07  SCV  
  50  4:13  Marine  
  50  4:14  SCV  
  50  4:15  Marine  
  53  4:19  SCV  
  53  4:26  SCV  
  53  4:28  Raven  
  53  4:31  Marine  
  56  4:32  SCV  
  56  4:33  Marine  
  59  4:38  SCV  
  59  4:40  Supply Depot  
  59  4:44  SCV  
  55  4:46  Siege Tank  
  55  4:50  SCV  
  55  4:51  Command Center  
  59  4:56  Marine x2  
  59  4:57  SCV  
  62  5:02  Supply Depot, SCV  
  63  5:09  SCV  
  64  5:14  SCV  
  64  5:19  Siege Tank  
  68  5:23  Viking  
  68  5:24  Viking  
  68  5:26  Supply Depot  
  68  5:27  Marine, Stimpack  
  73  5:29  SCV  
  73  5:31  Supply Depot  
  73  5:32  SCV  
  73  5:34  Refinery  
  75  5:41  SCV  
  76  5:43  Barracks  
  76  5:44  Barracks  
  76  5:45  Marine  
  76  5:49  SCV  
  78  5:51  Siege Tank  
  78  5:53  SCV  
  78  5:55  Viking  
  84  6:01  Viking  
  84  6:02  SCV  
  87  6:05  Orbital Command  
  87  6:09  SCV  
  88  6:14  Marine  
  89  6:20  Engineering Bay x2  
  89  6:21  SCV  
  89  6:23  Siege Tank  
  93  6:27  Viking  
  93  6:31  Viking  
  93  6:32  SCV  
  97  6:34  Barracks Reactor x2  
  97  6:37  Marine  
  98  6:43  Barracks  
  98  6:44  Barracks  
  97  6:55  SCV x2, Siege Tank  
  97  6:56  Marine  
  103  7:06  Viking  
  103  7:07  Combat Shield  
  103  7:08  Viking  
  105  7:15  Marine, SCV x2  
  105  7:16  Marine x2  
  105  7:17  Marine  
  94  7:32  Marine  
  94  7:33  Marine  
  94  7:34  Marine, Siege Tank  
  94  7:35  Orbital Command  
  97  7:39  Barracks Reactor x2  
  97  7:40  SCV  
  97  7:44  Terran Infantry Weapons Level 1  
  98  7:48  Marine, Terran Infantry Armor Level 1  
  98  7:49  Marine, Supply Depot x2  
  98  7:50  Marine, Supply Depot  
  101  7:51  Marine  
  101  7:52  SCV, Supply Depot  
  101  7:53  SCV  
  101  7:54  Supply Depot  
  101  7:56  Viking  
  101  7:57  Refinery  
  106  8:02  Refinery  
  106  8:06  Marine x2  
  106  8:12  Marine x3, Siege Tank  
  114  8:21  Marine x3  
  114  8:22  SCV x3  
  114  8:23  Marine  
  114  8:25  Marine x2  
  123  8:29  Liberator  
  123  8:30  Marine x3  
  129  8:34  SCV x2  
  129  8:39  Marine x3  
  134  8:44  Marine x3, Viking, Siege Tank  
  134  8:48  Marine x2  
  143  8:49  SCV  
  143  8:53  SCV  
  147  8:57  Marine x2  
  149  9:05  Marine x2  
  149  9:06  Marine x2  
  149  9:09  Marine  
  149  9:12  Supply Depot  
  149  9:13  Armory  
  149  9:14  Supply Depot  
  149  9:31  Sensor Tower, Supply Depot  
  149  9:32  Supply Depot  
  149  9:33  Marine x8  
  149  9:35  Viking x2, Siege Tank, SCV  
  165  9:41  Supply Depot x2  
  165  9:42  Supply Depot  
  165  9:52  Marine x3  
  168  9:58  Supply Depot x2  
  168  9:59  Marine x2  
  170  10:06  Marine  
  170  10:07  Marine, Siege Tank  
  160  10:09  Marine  
  160  10:10  Marine x2  
  160  10:11  Marine x2  
  163  10:19  Marine x2  
  162  10:28  Terran Infantry Armor Level 2, Terran Infantry Weapons Level 2  
  154  10:31  Marine x3  
  154  10:32  Marine  
  145  10:36  Marine x2  
  145  10:37  Marine x2  
  145  10:38  Marine  
  145  10:40  Siege Tank  
  156  10:43  Medivac x2  
  156  10:45  SCV x2  
  158  10:53  Marine x2  
  161  10:59  Marine  
  161  11:00  Marine x3  
  161  11:01  Marine  
  161  11:03  Marine  
  166  11:12  Siege Tank  
  166  11:13  Medivac x2  
  166  11:16  Marine x2  
  175  11:19  Marine  
  127  11:33  Marine x2  
  127  11:36  SCV x2  
  127  11:37  Marine  
  132  11:43  Medivac x2  
  132  11:44  Siege Tank  
  139  11:52  Command Center  
  139  11:53  Marine x3  
  132  11:54  Marine x2  
  132  11:55  Marine x3  
  132  12:00  Marine  
  130  12:07  Factory  
  124  12:11  Marine x3  
  124  12:12  Marine x3  
  124  12:13  Marine  
  124  12:14  Marine  
  132  12:16  Siege Tank  
  132  12:22  Marine  
  136  12:26  Viking x2  
  140  12:31  Marine x4  
  140  12:32  Marine x2  
  140  12:33  Marine x2  
  146  12:40  Marine  
  143  12:48  Marine, Siege Tank  
  143  12:49  Marine x4  
  150  13:02  Marine x3  

Tags
 
Add a new tag
Caveats
  • Supply blocks, unpowered buildings, or Contaminate may cause inaccurate times.
  • Supply counts are checked every 10 seconds.